Islanders vs Kings
Created - January 18, 2022 at 19:18
Goals
|
| Islanders |
1 |
2 |
1 |
4 |
| Kings |
1 |
0 |
1 |
2 |
|
Shots
|
| Islanders |
12 |
12 |
9 |
33 |
| Kings |
5 |
8 |
9 |
22 |
|
1st period
1. Islanders , Michael Latta 4 (Andrew Shaw 3, Marc-Édouard Vlasic 2) at 7:25
2. Kings , Viktor Arvidsson 5 (Eric Gryba 1) at 16:47
Penalties :
No Penalty
2nd period
3. Islanders , Craig Smith 9 (Frans Nielsen 12, Ryan Ellis 16) at 1:24
4. Islanders , Michael Latta 5 (Sergei Plotnikov 3, Ryan Ellis 17) at 12:35
Penalties :
Tomas Kundratek (NyI) for Hooking (Minor) at 5:36, Craig Smith (NyI) for Holding (Minor) at 14:16, Craig Smith (NyI) for Boarding (Minor) at 18:30
3rd period
5. Kings , Gabriel Landeskog 10 (Mikko Rantanen 2, Seth Jones 15) at 6:39
6. Islanders , Evander Kane 11 (Jay Bouwmeester 4) at 6:49
Penalties :
Jonathan Drouin (L.A) for Holding (Minor) at 7:33, Jay Bouwmeester (NyI) for Hooking (Minor) at 18:08
Goalie Stats
Jonathan Quick (NyI), 20 saves from 22 shots - (0.909), W, 10-3-3, 60:00 minutes
Cory Schneider (L.A), 29 saves from 33 shots - (0.879), L, 6-7-2, 60:00 minutes
Players Stats for Islanders
Player Name G A P +/- PIM S H SB GA TA FO MP PP MP PK MP
------------------------------------------------------------------------------------
Andrew Shaw 0 1 1 2 0 0 0 0 1 0 0/0 7:24 0:00 0:00
Brian Ferlin 0 0 0 -1 0 0 0 0 0 0 1/1 11:21 0:00 0:00
Connor Murphy 0 0 0 0 0 2 0 1 0 0 0/0 15:22 0:00 1:57
Craig Smith 1 0 1 0 4 3 2 0 0 1 0/2 14:06 0:48 0:00
Evander Kane 1 0 1 1 0 5 1 1 1 0 1/2 23:28 1:11 4:31
Frans Nielsen 0 1 1 0 0 2 1 0 1 0 4/15 16:22 0:48 1:57
Jay Bouwmeester 0 1 1 1 2 1 2 1 0 0 0/0 26:49 1:02 3:11
Joe Thornton 0 0 0 1 0 2 1 1 0 0 10/17 21:16 1:11 1:57
Justin Falk 0 0 0 0 0 0 0 0 0 2 0/0 12:57 0:00 0:13
Marc-Édouard Vlasic 0 1 1 1 0 3 2 1 0 2 0/0 19:17 0:57 3:28
Michael Latta 2 0 2 2 0 4 0 0 0 0 1/3 7:24 0:00 0:00
Paul Stastny 0 0 0 -1 0 1 2 0 1 0 4/5 11:21 0:00 0:00
Pierre-Edouard Bellemare 0 0 0 0 0 1 0 1 0 0 0/0 14:03 0:48 0:00
Ryan Ellis 0 2 2 1 0 5 2 1 3 0 0/0 27:57 1:02 4:18
Sergei Plotnikov 0 1 1 2 0 1 0 0 0 1 1/1 9:01 0:00 1:32
Tomas Kundratek 0 0 0 1 2 0 0 0 1 0 0/0 17:58 0:57 2:29
Vladimir Tarasenko 0 0 0 1 0 3 0 0 1 0 5/8 23:28 1:11 4:26
Zac Rinaldo 0 0 0 -1 0 0 1 1 0 0 0/1 12:34 0:00 1:13
Players Stats for Kings
Player Name G A P +/- PIM S H SB GA TA FO MP PP MP PK MP
------------------------------------------------------------------------------------
Aaron Ekblad 0 0 0 0 0 0 1 1 0 0 0/0 22:24 4:59 0:44
Anze Kopitar 0 0 0 -2 0 3 0 0 1 0 10/17 20:07 3:16 0:58
Brayden Point 0 0 0 -1 0 0 2 1 0 0 0/3 11:42 3:26 0:33
Colton Parayko 0 0 0 -2 0 0 1 1 0 1 0/0 26:17 2:49 1:00
Derek Boogaard 0 0 0 -1 0 1 0 0 1 0 0/0 9:17 0:00 0:50
Eric Gryba 0 1 1 0 0 0 0 1 0 1 0/0 13:18 0:00 0:44
Gabriel Landeskog 1 0 1 0 0 4 2 0 0 2 0/1 20:49 4:22 0:29
Henrik Sedin 0 0 0 1 0 0 3 0 0 0 3/3 11:22 0:00 0:00
Joe Pavelski 0 0 0 -2 0 1 0 0 1 1 1/1 15:42 0:00 0:12
Jonathan Drouin 0 0 0 -2 2 0 5 0 1 1 0/0 19:02 3:26 0:00
Marek Svatos 0 0 0 -1 0 0 0 0 0 0 1/1 8:04 0:00 0:00
Mikko Rantanen 0 1 1 0 0 5 0 1 0 0 1/3 20:20 4:22 0:00
Nathan MacKinnon 0 0 0 0 0 2 1 1 1 0 10/24 20:20 4:22 0:00
Nikita Zaitsev 0 0 0 0 0 0 0 1 0 2 0/0 14:22 0:00 1:15
Raphael Diaz 0 0 0 -2 0 1 2 3 0 0 0/0 19:42 0:00 0:00
Sergei Shirokov 0 0 0 1 0 3 4 0 0 1 1/1 11:30 0:00 0:56
Seth Jones 0 1 1 0 0 1 1 0 0 0 0/0 19:58 4:32 0:15
Viktor Arvidsson 1 0 1 1 0 1 1 0 1 0 1/1 13:44 3:26 0:00
3 Stars
1 - Michael Latta (NyI)
2 - Ryan Ellis (NyI)
3 - Evander Kane (NyI)
Power Play
Islanders - 0 on 1 Attempt(s) - 0.00%
Kings - 0 on 4 Attempt(s) - 0.00%
Penalty Kill
Islanders - 4 on 4 Attempt(s) - 100.00%
- Score 0 goal in Penalty Kill
Kings - 1 on 1 Attempt(s) - 100.00%
- Score 0 goal in Penalty Kill
Team Stat
Islanders - Hits : 14 - Faceoff Wins : 27 - Blocked Shots : 8 - Penalty Minutes : 8
Kings - Hits : 23 - Faceoff Wins : 28 - Blocked Shots : 10 - Penalty Minutes : 2
Official
Referees : Francois St. Laurent and Beaudry Halkidis
Linesman : Scott Cherrey and Jonny Murray
Game Notes
No Game Note
Finance
Level 1 -- Attendance: 6000 (100.00%) -- Ticket Income $600,000
Level 2 -- Attendance: 4663 (93.26%) -- Ticket Income $279,780
Level 3 -- Attendance: 1934 (96.70%) -- Ticket Income $67,690
Level 4 -- Attendance: 3679 (91.98%) -- Ticket Income $91,975
Luxury Box -- Attendance: 942 (94.20%) -- Ticket Income $188,400
Game was played at the Staples Center.
Total Attendance: 17218 (95.66%)
Total Ticket Income: $1,227,845
Other Income: $184,177
Total Income: $1,412,022
Islanders
5 vs 5 Forward
Center Left Wing Right Wing Time % Phy DF OF
1 Joe Thornton Evander Kane Vladimir Tarasenko 40 1 2 2
2 Frans Nielsen Pierre-Edouard Bellemare Craig Smith 30 1 2 2
3 Paul Stastny Zac Rinaldo Brian Ferlin 20 1 2 2
4 Michael Latta Sergei Plotnikov Andrew Shaw 10 1 2 2
5 vs 5 Defense
Defense Defense Time % Phy DF OF
1 Ryan Ellis Jay Bouwmeester 40 1 2 2
2 Tomas Kundratek Marc-Édouard Vlasic 30 1 2 2
3 Justin Falk Connor Murphy 20 1 2 2
4 Ryan Ellis Jay Bouwmeester 10 1 2 2
PowerPlay Forward
Center Left Wing Right Wing Time % Phy DF OF
1 Joe Thornton Evander Kane Vladimir Tarasenko 60 1 2 2
2 Frans Nielsen Pierre-Edouard Bellemare Craig Smith 40 1 2 2
PowerPlay Defense
Defense Defense Time % Phy DF OF
1 Ryan Ellis Jay Bouwmeester 60 1 2 2
2 Tomas Kundratek Marc-Édouard Vlasic 40 1 2 2
Penalty Kill 4 Players Forward
Center Wing Time % Phy DF OF
1 Vladimir Tarasenko Evander Kane 60 1 2 2
2 Joe Thornton Frans Nielsen 40 1 2 2
Penalty Kill 4 Players Defense
Defense Defense Time % Phy DF OF
1 Ryan Ellis Jay Bouwmeester 60 1 2 2
2 Tomas Kundratek Marc-Édouard Vlasic 40 1 2 2
Penalty Kill - 3 Players Forward
Forward Time % Phy DF OF
1 Vladimir Tarasenko 60 1 2 2
2 Evander Kane 40 1 2 2
Penalty Kill - 3 Players Defense
Defense Defense Time % Phy DF OF
1 Ryan Ellis Jay Bouwmeester 60 1 2 2
2 Tomas Kundratek Marc-Édouard Vlasic 40 1 2 2
4 vs 4 Forward
Center Wing Time % Phy DF OF
1 Vladimir Tarasenko Evander Kane 60 1 2 2
2 Joe Thornton Frans Nielsen 40 1 2 2
4 vs 4 Defense
Defense Defense Time % Phy DF OF
1 Ryan Ellis Jay Bouwmeester 60 1 2 2
2 Tomas Kundratek Marc-Édouard Vlasic 40 1 2 2
Last Minutes Offensive
Center Left Wing Right Wing Defense Defense
Joe Thornton Evander Kane Vladimir Tarasenko Ryan Ellis Jay Bouwmeester
Last Minutes Defensive
Center Left Wing Right Wing Defense Defense
Joe Thornton Evander Kane Vladimir Tarasenko Ryan Ellis Jay Bouwmeester
Goaltenders
Starting : Jonathan Quick
Backup : Julien Ellis
Extra Forwards
Normal : Paul Stastny, Zac Rinaldo, Sergei Plotnikov - PP : Paul Stastny, Zac Rinaldo - PK : Sergei Plotnikov
Extra Defensemen
Normal : Justin Falk, Connor Murphy, Tomas Kundratek - PP : Justin Falk - PK : Connor Murphy, Tomas Kundratek
Penalty Shots
Vladimir Tarasenko, Evander Kane, Joe Thornton, Frans Nielsen, Paul Stastny
Scratches
Carl Klingberg (Healthy), Fedor Tyutin (Abdominal Strain Injury), Jiri Hudler (Healthy)
Kings
5 vs 5 Forward
Center Left Wing Right Wing Time % Phy DF OF
1 Anze Kopitar Jonathan Drouin Joe Pavelski 35 0 2 3
2 Nathan MacKinnon Gabriel Landeskog Mikko Rantanen 35 0 2 3
3 Henrik Sedin Sergei Shirokov Viktor Arvidsson 25 1 2 2
4 Brayden Point Derek Boogaard Marek Svatos 5 2 2 1
5 vs 5 Defense
Defense Defense Time % Phy DF OF
1 Colton Parayko Raphael Diaz 40 2 2 1
2 Seth Jones Aaron Ekblad 30 1 2 2
3 Eric Gryba Nikita Zaitsev 20 1 3 1
4 Aaron Ekblad Colton Parayko 10 1 2 2
PowerPlay Forward
Center Left Wing Right Wing Time % Phy DF OF
1 Nathan MacKinnon Gabriel Landeskog Mikko Rantanen 60 0 1 4
2 Brayden Point Jonathan Drouin Viktor Arvidsson 40 0 1 4
PowerPlay Defense
Defense Defense Time % Phy DF OF
1 Aaron Ekblad Seth Jones 60 1 2 2
2 Colton Parayko Anze Kopitar 40 1 2 2
Penalty Kill 4 Players Forward
Center Wing Time % Phy DF OF
1 Anze Kopitar Sergei Shirokov 60 1 3 1
2 Joe Pavelski Derek Boogaard 40 1 3 1
Penalty Kill 4 Players Defense
Defense Defense Time % Phy DF OF
1 Colton Parayko Nikita Zaitsev 60 2 3 0
2 Eric Gryba Aaron Ekblad 40 2 3 0
Penalty Kill - 3 Players Forward
Forward Time % Phy DF OF
1 Anze Kopitar 60 1 4 0
2 Gabriel Landeskog 40 1 4 0
Penalty Kill - 3 Players Defense
Defense Defense Time % Phy DF OF
1 Colton Parayko Nikita Zaitsev 60 2 3 0
2 Eric Gryba Aaron Ekblad 40 2 3 0
4 vs 4 Forward
Center Wing Time % Phy DF OF
1 Nathan MacKinnon Gabriel Landeskog 60 1 2 2
2 Anze Kopitar Joe Pavelski 40 1 2 2
4 vs 4 Defense
Defense Defense Time % Phy DF OF
1 Colton Parayko Raphael Diaz 60 1 2 2
2 Seth Jones Aaron Ekblad 40 1 2 2
Last Minutes Offensive
Center Left Wing Right Wing Defense Defense
Anze Kopitar Gabriel Landeskog Mikko Rantanen Colton Parayko Raphael Diaz
Last Minutes Defensive
Center Left Wing Right Wing Defense Defense
Anze Kopitar Gabriel Landeskog Joe Pavelski Colton Parayko Raphael Diaz
Goaltenders
Starting : Cory Schneider
Backup : Jonas Gustavsson
Extra Forwards
Normal : Henrik Sedin, Nathan MacKinnon, Anze Kopitar - PP : Joe Pavelski, Henrik Sedin - PK : Gabriel Landeskog
Extra Defensemen
Normal : Aaron Ekblad, Colton Parayko, Nikita Zaitsev - PP : Raphael Diaz - PK : Seth Jones, Raphael Diaz
Penalty Shots
Anze Kopitar, Mikko Rantanen, Viktor Arvidsson, Gabriel Landeskog, Joe Pavelski
Scratches
Tim Connolly (Healthy)
% Time on Ice - Islanders
Lines # - Real PCT - Wanted PCT - Time Play
Normal Forward
1 - 36% - 40% - 17:51
2 - 27% - 30% - 13:37
3 - 23% - 20% - 11:21
4 - 15% - 10% - 7:24
Normal Defense
1 - 39% - 40% - 19:50
2 - 30% - 30% - 14:52
3 - 25% - 20% - 12:44
4 - 6% - 10% - 2:47
PP Forward
1 - 60% - 60% - 1:11
2 - 40% - 40% - 0:48
PP Defense
1 - 52% - 60% - 1:02
2 - 48% - 40% - 0:57
PK Forward
1 - 75% - 60% - 5:51
2 - 25% - 40% - 1:57
PK Defense
1 - 58% - 60% - 4:31
2 - 42% - 40% - 3:17
PK3 Forward
1 - 0% - 60%
2 - 0% - 40%
PK3 Defense
1 - 0% - 60%
2 - 0% - 40%
44 Forward
1 - 0% - 60%
2 - 0% - 40%
44 Defense
1 - 0% - 60%
2 - 0% - 40%
Last Minute Offensive - 0:00
Last Minute Defensive - 0:00
Total
Forward - 60:00
Defense - 60:00
|
% Time on Ice - Kings
Lines # - Real PCT - Wanted PCT - Time Play
Normal Forward
1 - 31% - 35% - 15:37
2 - 32% - 35% - 15:58
3 - 21% - 25% - 10:34
4 - 16% - 5% - 8:04
Normal Defense
1 - 41% - 40% - 20:38
2 - 30% - 30% - 14:58
3 - 25% - 20% - 12:34
4 - 4% - 10% - 2:03
PP Forward
1 - 56% - 60% - 4:22
2 - 44% - 40% - 3:26
PP Defense
1 - 58% - 60% - 4:32
2 - 42% - 40% - 3:16
PK Forward
1 - 90% - 60% - 1:47
2 - 10% - 40% - 0:12
PK Defense
1 - 63% - 60% - 1:15
2 - 37% - 40% - 0:44
PK3 Forward
1 - 0% - 60%
2 - 0% - 40%
PK3 Defense
1 - 0% - 60%
2 - 0% - 40%
44 Forward
1 - 0% - 60%
2 - 0% - 40%
44 Defense
1 - 0% - 60%
2 - 0% - 40%
Last Minute Offensive - 0:00
Last Minute Defensive - 0:00
Total
Forward - 60:00
Defense - 60:00
|
Play-by-Play
1st period
0:01 of 1st period - Anze Kopitar wins face-off versus Joe Thornton in neutral zone.
0:36 of 1st period - Wrist shot by Craig Smith.
0:36 of 1st period - Shot Misses the Net.
0:38 of 1st period - Slapshot by Pierre-Edouard Bellemare.
0:38 of 1st period - Shot Misses the Net.
0:58 of 1st period - Snap shot by Viktor Arvidsson.
0:58 of 1st period - Deflect By Sergei Shirokov.
0:58 of 1st period - Shot Blocked by Zac Rinaldo.
0:58 of 1st period - Puck is out of play.
0:59 of 1st period - Marek Svatos wins face-off versus Michael Latta in Islanders zone.
2:45 of 1st period - Eric Gryba is hit by Ryan Ellis and loses puck.
3:21 of 1st period - Frans Nielsen is hit by Sergei Shirokov and loses puck.
4:00 of 1st period - Derek Boogaard is hit by Evander Kane and loses puck.
4:07 of 1st period - Snap shot by Evander Kane.
4:07 of 1st period - Shot Blocked by Brayden Point.
4:09 of 1st period - Snap shot by Joe Thornton.
4:09 of 1st period - Stopped by Cory Schneider without a rebound.
4:10 of 1st period - Anze Kopitar wins face-off versus Frans Nielsen in Kings zone.
4:19 of 1st period - Snap shot by Craig Smith.
4:19 of 1st period - Stopped by Cory Schneider without a rebound.
4:20 of 1st period - Anze Kopitar wins face-off versus Frans Nielsen in Kings zone.
4:43 of 1st period - Colton Parayko is hit by Craig Smith and loses puck.
4:52 of 1st period - Wrist shot by Craig Smith.
4:52 of 1st period - Stopped by Cory Schneider with a rebound.
4:58 of 1st period - Snap shot by Frans Nielsen.
4:58 of 1st period - Stopped by Cory Schneider with a rebound.
5:00 of 1st period - Snap shot by Pierre-Edouard Bellemare.
5:00 of 1st period - Stopped by Cory Schneider without a rebound.
5:01 of 1st period - Nathan MacKinnon wins face-off versus Joe Thornton in Kings zone.
5:28 of 1st period - Brian Ferlin is hit by Sergei Shirokov and loses puck.
5:35 of 1st period - Slapshot by Sergei Shirokov.
5:35 of 1st period - Stopped by Jonathan Quick without a rebound.
5:36 of 1st period - Henrik Sedin wins face-off versus Joe Thornton in Islanders zone.
5:49 of 1st period - Snap shot by Sergei Shirokov.
5:49 of 1st period - Stopped by Jonathan Quick without a rebound.
5:50 of 1st period - Joe Thornton wins face-off versus Nathan MacKinnon in Islanders zone.
6:22 of 1st period - Ryan Ellis is hit by Jonathan Drouin and loses puck.
7:07 of 1st period - Wrist shot by Nathan MacKinnon.
7:07 of 1st period - Shot Misses the Net.
7:25 of 1st period - Wrist shot by Michael Latta.
7:25 of 1st period - Goal by Michael Latta - Islanders : 1 - Kings : 0.
7:26 of 1st period - Joe Thornton wins face-off versus Nathan MacKinnon in neutral zone.
8:43 of 1st period - Off-side.
8:44 of 1st period - Nathan MacKinnon wins face-off versus Joe Thornton in neutral zone.
8:47 of 1st period - Evander Kane is hit by Gabriel Landeskog and loses puck.
8:57 of 1st period - Off-side.
8:58 of 1st period - Joe Thornton wins face-off versus Anze Kopitar in neutral zone.
9:37 of 1st period - Snap shot by Sergei Shirokov.
9:37 of 1st period - Shot Misses the Net.
9:42 of 1st period - Off-side.
9:43 of 1st period - Frans Nielsen wins face-off versus Mikko Rantanen in neutral zone.
9:48 of 1st period - Slapshot by Ryan Ellis.
9:48 of 1st period - Stopped by Cory Schneider with a rebound.
10:39 of 1st period - Backhand shot by Jay Bouwmeester.
10:39 of 1st period - Deflect By Michael Latta.
10:39 of 1st period - Stopped by Cory Schneider with a rebound.
10:57 of 1st period - Slapshot by Raphael Diaz.
10:57 of 1st period - Shot Misses the Net.
11:13 of 1st period - Pierre-Edouard Bellemare is hit by Gabriel Landeskog and loses puck.
11:44 of 1st period - Off-side.
11:45 of 1st period - Nathan MacKinnon wins face-off versus Evander Kane in neutral zone.
12:12 of 1st period - Justin Falk is hit by Jonathan Drouin and loses puck.
12:18 of 1st period - Off-side.
12:19 of 1st period - Frans Nielsen wins face-off versus Anze Kopitar in neutral zone.
12:59 of 1st period - Gabriel Landeskog is hit by Marc-Édouard Vlasic and loses puck.
14:04 of 1st period - Off-side.
14:05 of 1st period - Joe Thornton wins face-off versus Gabriel Landeskog in neutral zone.
14:07 of 1st period - Off-side.
14:08 of 1st period - Mikko Rantanen wins face-off versus Joe Thornton in neutral zone.
14:37 of 1st period - Slapshot by Connor Murphy.
14:37 of 1st period - Deflect By Mikko Rantanen.
14:37 of 1st period - Stopped by Cory Schneider with a rebound.
14:49 of 1st period - Snap shot by Gabriel Landeskog.
14:49 of 1st period - Stopped by Jonathan Quick without a rebound.
14:50 of 1st period - Joe Thornton wins face-off versus Anze Kopitar in Islanders zone.
15:01 of 1st period - Slapshot by Anze Kopitar.
15:01 of 1st period - Shot Misses the Net.
15:17 of 1st period - Craig Smith is hit by Sergei Shirokov.
15:58 of 1st period - Snap shot by Mikko Rantanen.
15:58 of 1st period - Stopped by Jonathan Quick without a rebound.
15:59 of 1st period - Michael Latta wins face-off versus Nathan MacKinnon in Islanders zone.
16:14 of 1st period - Wrist shot by Nathan MacKinnon.
16:14 of 1st period - Shot Misses the Net.
16:16 of 1st period - Slapshot by Gabriel Landeskog.
16:16 of 1st period - Shot Misses the Net.
16:26 of 1st period - Anze Kopitar is hit by Joe Thornton and loses puck.
16:47 of 1st period - Backhand shot by Viktor Arvidsson.
16:47 of 1st period - Goal by Viktor Arvidsson - Islanders : 1 - Kings : 1.
16:48 of 1st period - Joe Thornton wins face-off versus Anze Kopitar in neutral zone.
17:39 of 1st period - Tomas Kundratek is hit by Aaron Ekblad and loses puck.
18:02 of 1st period - Wrist shot by Marc-Édouard Vlasic.
18:02 of 1st period - Stopped by Cory Schneider without a rebound.
18:03 of 1st period - Joe Thornton wins face-off versus Brayden Point in Kings zone.
19:36 of 1st period - Wrist shot by Evander Kane.
19:36 of 1st period - Stopped by Cory Schneider with a rebound.
19:38 of 1st period - Snap shot by Evander Kane.
19:38 of 1st period - Shot Misses the Net.
19:40 of 1st period - Wrist shot by Joe Thornton.
19:40 of 1st period - Shot Blocked by Nikita Zaitsev.
19:42 of 1st period - Slapshot by Marc-Édouard Vlasic.
19:42 of 1st period - Deflect By Nikita Zaitsev.
19:42 of 1st period - Stopped by Cory Schneider with a rebound.
19:51 of 1st period - Snap shot by Joe Thornton.
19:51 of 1st period - Shot Misses the Net.
19:53 of 1st period - Slapshot by Joe Thornton.
19:53 of 1st period - Shot Misses the Net.
19:55 of 1st period - Snap shot by Evander Kane.
19:55 of 1st period - Shot Misses the Net.
19:57 of 1st period - Wrist shot by Evander Kane.
19:57 of 1st period - Shot Misses the Net.
19:59 of 1st period - Backhand shot by Vladimir Tarasenko.
19:59 of 1st period - Shot Blocked by Eric Gryba.
Goals for this period are 1 for Islanders vs 1 for Kings.
Shots for this period are 12 for Islanders vs 5 for Kings.
2nd period
0:01 of 2nd period - Anze Kopitar wins face-off versus Craig Smith in neutral zone.
0:08 of 2nd period - Snap shot by Jonathan Drouin.
0:08 of 2nd period - Shot Blocked by Pierre-Edouard Bellemare.
0:26 of 2nd period - Ryan Ellis is hit by Raphael Diaz and loses puck.
0:33 of 2nd period - Raphael Diaz is hit by Zac Rinaldo and loses puck.
0:46 of 2nd period - Snap shot by Michael Latta.
0:46 of 2nd period - Shot Misses the Net.
0:48 of 2nd period - Slapshot by Connor Murphy.
0:48 of 2nd period - Stopped by Cory Schneider without a rebound.
0:49 of 2nd period - Henrik Sedin wins face-off versus Michael Latta in Kings zone.
0:54 of 2nd period - Henrik Sedin is hit by Jay Bouwmeester and loses puck.
1:22 of 2nd period - Snap shot by Frans Nielsen.
1:22 of 2nd period - Stopped by Cory Schneider with a rebound.
1:24 of 2nd period - Wrist shot by Craig Smith.
1:24 of 2nd period - Goal by Craig Smith - Islanders : 2 - Kings : 1.
1:25 of 2nd period - Frans Nielsen wins face-off versus Anze Kopitar in neutral zone.
1:52 of 2nd period - Jay Bouwmeester is hit by Nathan MacKinnon and loses puck.
2:07 of 2nd period - Vladimir Tarasenko is hit by Colton Parayko and loses puck.
2:20 of 2nd period - Aaron Ekblad is hit by Paul Stastny and loses puck.
2:43 of 2nd period - Slapshot by Eric Gryba.
2:43 of 2nd period - Shot Blocked by Marc-Édouard Vlasic.
2:45 of 2nd period - Wrist shot by Derek Boogaard.
2:45 of 2nd period - Shot Misses the Net.
2:47 of 2nd period - Wrist shot by Marek Svatos.
2:47 of 2nd period - Shot Misses the Net.
3:07 of 2nd period - Andrew Shaw is hit by Jonathan Drouin and loses puck.
3:20 of 2nd period - Slapshot by Ryan Ellis.
3:20 of 2nd period - Deflect By Sergei Shirokov.
3:20 of 2nd period - Stopped by Cory Schneider with a rebound.
3:36 of 2nd period - Mikko Rantanen is hit by Ryan Ellis and loses puck.
4:36 of 2nd period - Colton Parayko is hit by Jay Bouwmeester and loses puck.
5:04 of 2nd period - Slapshot by Raphael Diaz.
5:04 of 2nd period - Shot Misses the Net.
5:06 of 2nd period - Wrist shot by Mikko Rantanen.
5:06 of 2nd period - Stopped by Jonathan Quick with a rebound.
5:27 of 2nd period - Slapshot by Ryan Ellis.
5:27 of 2nd period - Stopped by Cory Schneider without a rebound.
5:28 of 2nd period - Nathan MacKinnon wins face-off versus Frans Nielsen in Kings zone.
5:33 of 2nd period - Snap shot by Mikko Rantanen.
5:33 of 2nd period - Stopped by Jonathan Quick without a rebound.
5:34 of 2nd period - Frans Nielsen wins face-off versus Nathan MacKinnon in Islanders zone.
5:36 of 2nd period - Minor Penalty to Tomas Kundratek for Hooking.
5:37 of 2nd period - Nathan MacKinnon wins face-off versus Vladimir Tarasenko in Islanders zone.
5:51 of 2nd period - Snap shot by Nathan MacKinnon.
5:51 of 2nd period - Shot Blocked by Ryan Ellis.
5:53 of 2nd period - Snap shot by Gabriel Landeskog.
5:53 of 2nd period - Stopped by Jonathan Quick with a rebound.
6:07 of 2nd period - Slapshot by Seth Jones.
6:07 of 2nd period - Stopped by Jonathan Quick without a rebound.
6:08 of 2nd period - Vladimir Tarasenko wins face-off versus Nathan MacKinnon in Islanders zone.
6:40 of 2nd period - Slapshot by Anze Kopitar.
6:40 of 2nd period - Stopped by Jonathan Quick with a rebound.
6:42 of 2nd period - Slapshot by Jonathan Drouin.
6:42 of 2nd period - Shot Misses the Net.
6:44 of 2nd period - Snap shot by Anze Kopitar.
6:44 of 2nd period - Stopped by Jonathan Quick with a rebound.
7:36 of 2nd period - Penalty to Tomas Kundratek is over, Tomas Kundratek is back on ice.
8:16 of 2nd period - Icing by Derek Boogaard.
8:17 of 2nd period - Sergei Plotnikov wins face-off versus Brayden Point in Kings zone.
9:36 of 2nd period - Jay Bouwmeester is hit by Viktor Arvidsson and loses puck.
9:49 of 2nd period - Wrist shot by Evander Kane.
9:49 of 2nd period - Stopped by Cory Schneider without a rebound.
9:50 of 2nd period - Anze Kopitar wins face-off versus Joe Thornton in Kings zone.
9:55 of 2nd period - Slapshot by Evander Kane.
9:55 of 2nd period - Stopped by Cory Schneider without a rebound.
9:56 of 2nd period - Anze Kopitar wins face-off versus Joe Thornton in Kings zone.
10:43 of 2nd period - Wrist shot by Anze Kopitar.
10:43 of 2nd period - Shot Misses the Net.
11:41 of 2nd period - Off-side.
11:42 of 2nd period - Nathan MacKinnon wins face-off versus Frans Nielsen in neutral zone.
11:49 of 2nd period - Slapshot by Gabriel Landeskog.
11:49 of 2nd period - Shot Misses the Net.
12:00 of 2nd period - Icing by Mikko Rantanen.
12:01 of 2nd period - Paul Stastny wins face-off versus Nathan MacKinnon in Kings zone.
12:12 of 2nd period - Snap shot by Brian Ferlin.
12:12 of 2nd period - Shot Misses the Net.
12:26 of 2nd period - Mikko Rantanen is hit by Marc-Édouard Vlasic and loses puck.
12:33 of 2nd period - Wrist shot by Sergei Plotnikov.
12:33 of 2nd period - Stopped by Cory Schneider with a rebound.
12:35 of 2nd period - Snap shot by Michael Latta.
12:35 of 2nd period - Goal by Michael Latta - Islanders : 3 - Kings : 1.
12:36 of 2nd period - Henrik Sedin wins face-off versus Frans Nielsen in neutral zone.
13:52 of 2nd period - Off-side.
13:53 of 2nd period - Nathan MacKinnon wins face-off versus Frans Nielsen in neutral zone.
14:16 of 2nd period - Minor Penalty to Craig Smith for Holding.
14:17 of 2nd period - Vladimir Tarasenko wins face-off versus Nathan MacKinnon in Islanders zone.
14:30 of 2nd period - Marc-Édouard Vlasic is hit by Seth Jones.
15:00 of 2nd period - Evander Kane is hit by Brayden Point and loses puck.
16:16 of 2nd period - Penalty to Craig Smith is over, Craig Smith is back on ice.
16:48 of 2nd period - Marek Svatos is hit by Frans Nielsen and loses puck.
17:27 of 2nd period - Snap shot by Derek Boogaard.
17:27 of 2nd period - Stopped by Jonathan Quick without a rebound.
17:28 of 2nd period - Paul Stastny wins face-off versus Nathan MacKinnon in Islanders zone.
17:35 of 2nd period - Wrist shot by Mikko Rantanen.
17:35 of 2nd period - Deflect By Brian Ferlin.
17:35 of 2nd period - Stopped by Jonathan Quick with a rebound.
17:53 of 2nd period - Snap shot by Paul Stastny.
17:53 of 2nd period - Stopped by Cory Schneider with a rebound.
18:15 of 2nd period - Slapshot by Ryan Ellis.
18:15 of 2nd period - Shot Misses the Net.
18:17 of 2nd period - Slapshot by Jay Bouwmeester.
18:17 of 2nd period - Shot Blocked by Nathan MacKinnon.
18:19 of 2nd period - Snap shot by Joe Thornton.
18:19 of 2nd period - Stopped by Cory Schneider with a rebound.
18:21 of 2nd period - Slapshot by Ryan Ellis.
18:21 of 2nd period - Shot Blocked by Aaron Ekblad.
18:23 of 2nd period - Snap shot by Vladimir Tarasenko.
18:23 of 2nd period - Stopped by Cory Schneider without a rebound.
18:24 of 2nd period - Anze Kopitar wins face-off versus Craig Smith in Kings zone.
18:30 of 2nd period - Minor Penalty to Craig Smith for Boarding.
18:31 of 2nd period - Vladimir Tarasenko wins face-off versus Mikko Rantanen in Islanders zone.
Goals for this period are 2 for Islanders vs 0 for Kings.
Shots for this period are 12 for Islanders vs 8 for Kings.
3rd period
0:01 of 3rd period - Vladimir Tarasenko wins face-off versus Nathan MacKinnon in neutral zone.
0:30 of 3rd period - Penalty to Craig Smith is over, Craig Smith is back on ice.
1:59 of 3rd period - Slapshot by Raphael Diaz.
1:59 of 3rd period - Stopped by Jonathan Quick without a rebound.
2:00 of 3rd period - Joe Pavelski wins face-off versus Frans Nielsen in Islanders zone.
2:01 of 3rd period - Snap shot by Anze Kopitar.
2:01 of 3rd period - Stopped by Jonathan Quick with a rebound.
2:03 of 3rd period - Snap shot by Joe Pavelski.
2:03 of 3rd period - Deflect By Frans Nielsen.
2:03 of 3rd period - Stopped by Jonathan Quick without a rebound.
2:04 of 3rd period - Anze Kopitar wins face-off versus Frans Nielsen in Islanders zone.
2:41 of 3rd period - Wrist shot by Evander Kane.
2:41 of 3rd period - Stopped by Cory Schneider with a rebound.
2:52 of 3rd period - Off-side.
2:53 of 3rd period - Sergei Shirokov wins face-off versus Zac Rinaldo in neutral zone.
3:50 of 3rd period - Snap shot by Ryan Ellis.
3:50 of 3rd period - Deflect By Joe Pavelski.
3:50 of 3rd period - Stopped by Cory Schneider with a rebound.
3:52 of 3rd period - Slapshot by Jay Bouwmeester.
3:52 of 3rd period - Stopped by Cory Schneider without a rebound.
3:53 of 3rd period - Joe Thornton wins face-off versus Nathan MacKinnon in Kings zone.
4:06 of 3rd period - Snap shot by Vladimir Tarasenko.
4:06 of 3rd period - Shot Blocked by Colton Parayko.
4:08 of 3rd period - Snap shot by Vladimir Tarasenko.
4:08 of 3rd period - Stopped by Cory Schneider with a rebound.
4:10 of 3rd period - Slapshot by Marc-Édouard Vlasic.
4:10 of 3rd period - Stopped by Cory Schneider without a rebound.
4:11 of 3rd period - Anze Kopitar wins face-off versus Frans Nielsen in Kings zone.
4:22 of 3rd period - Snap shot by Craig Smith.
4:22 of 3rd period - Shot Misses the Net.
4:46 of 3rd period - Slapshot by Jay Bouwmeester.
4:46 of 3rd period - Shot Blocked by Raphael Diaz.
4:48 of 3rd period - Slapshot by Jay Bouwmeester.
4:48 of 3rd period - Deflect By Vladimir Tarasenko.
4:48 of 3rd period - Shot Misses the Net.
4:48 of 3rd period - Puck is out of play.
4:49 of 3rd period - Viktor Arvidsson wins face-off versus Frans Nielsen in Kings zone.
4:54 of 3rd period - Frans Nielsen is hit by Henrik Sedin and loses puck.
5:01 of 3rd period - Wrist shot by Sergei Shirokov.
5:01 of 3rd period - Stopped by Jonathan Quick without a rebound.
5:02 of 3rd period - Evander Kane wins face-off versus Nathan MacKinnon in Islanders zone.
5:42 of 3rd period - Snap shot by Sergei Shirokov.
5:42 of 3rd period - Shot Blocked by Evander Kane.
5:56 of 3rd period - Seth Jones is hit by Craig Smith and loses puck.
6:22 of 3rd period - Wrist shot by Gabriel Landeskog.
6:22 of 3rd period - Stopped by Jonathan Quick without a rebound.
6:23 of 3rd period - Nathan MacKinnon wins face-off versus Paul Stastny in Islanders zone.
6:27 of 3rd period - Slapshot by Nathan MacKinnon.
6:27 of 3rd period - Stopped by Jonathan Quick without a rebound.
6:28 of 3rd period - Brian Ferlin wins face-off versus Nathan MacKinnon in Islanders zone.
6:39 of 3rd period - Wrist shot by Gabriel Landeskog.
6:39 of 3rd period - Goal by Gabriel Landeskog - Islanders : 3 - Kings : 2.
6:40 of 3rd period - Anze Kopitar wins face-off versus Vladimir Tarasenko in neutral zone.
6:49 of 3rd period - Snap shot by Evander Kane.
6:49 of 3rd period - Goal by Evander Kane - Islanders : 4 - Kings : 2.
6:50 of 3rd period - Joe Thornton wins face-off versus Nathan MacKinnon in neutral zone.
7:21 of 3rd period - Wrist shot by Craig Smith.
7:21 of 3rd period - Shot Blocked by Raphael Diaz.
7:23 of 3rd period - Slapshot by Tomas Kundratek.
7:23 of 3rd period - Shot Misses the Net.
7:25 of 3rd period - Slapshot by Marc-Édouard Vlasic.
7:25 of 3rd period - Shot Misses the Net.
7:27 of 3rd period - Slapshot by Frans Nielsen.
7:27 of 3rd period - Shot Blocked by Raphael Diaz.
7:33 of 3rd period - Minor Penalty to Jonathan Drouin for Holding.
7:34 of 3rd period - Joe Thornton wins face-off versus Anze Kopitar in Kings zone.
8:01 of 3rd period - Craig Smith is hit by Sergei Shirokov and loses puck.
9:00 of 3rd period - Joe Thornton is hit by Brayden Point and loses puck.
9:33 of 3rd period - Penalty to Jonathan Drouin is over, Jonathan Drouin is back on ice.
10:05 of 3rd period - Snap shot by Mikko Rantanen.
10:05 of 3rd period - Stopped by Jonathan Quick without a rebound.
10:06 of 3rd period - Nathan MacKinnon wins face-off versus Frans Nielsen in Islanders zone.
10:17 of 3rd period - Snap shot by Frans Nielsen.
10:17 of 3rd period - Shot Blocked by Mikko Rantanen.
10:43 of 3rd period - Joe Pavelski is hit by Paul Stastny.
11:55 of 3rd period - Slapshot by Ryan Ellis.
11:55 of 3rd period - Stopped by Cory Schneider with a rebound.
12:27 of 3rd period - Snap shot by Michael Latta.
12:27 of 3rd period - Stopped by Cory Schneider without a rebound.
12:28 of 3rd period - Paul Stastny wins face-off versus Nathan MacKinnon in Kings zone.
13:27 of 3rd period - Wrist shot by Anze Kopitar.
13:27 of 3rd period - Shot Blocked by Jay Bouwmeester.
13:29 of 3rd period - Slapshot by Anze Kopitar.
13:29 of 3rd period - Shot Misses the Net.
13:31 of 3rd period - Snap shot by Seth Jones.
13:31 of 3rd period - Shot Blocked by Joe Thornton.
14:51 of 3rd period - Off-side.
14:52 of 3rd period - Nathan MacKinnon wins face-off versus Vladimir Tarasenko in neutral zone.
15:17 of 3rd period - Vladimir Tarasenko is hit by Henrik Sedin and loses puck.
15:42 of 3rd period - Connor Murphy is hit by Jonathan Drouin.
16:12 of 3rd period - Marc-Édouard Vlasic is hit by Henrik Sedin and loses puck.
16:23 of 3rd period - Snap shot by Viktor Arvidsson.
16:23 of 3rd period - Deflect By Henrik Sedin.
16:23 of 3rd period - Shot Misses the Net.
16:23 of 3rd period - Puck is out of play.
16:24 of 3rd period - Paul Stastny wins face-off versus Anze Kopitar in Islanders zone.
16:24 of 3rd period - Paul Stastny is hit by Jonathan Drouin.
17:01 of 3rd period - Snap shot by Frans Nielsen.
17:01 of 3rd period - Shot Misses the Net.
17:15 of 3rd period - Wrist shot by Sergei Shirokov.
17:15 of 3rd period - Shot Misses the Net.
17:35 of 3rd period - Vladimir Tarasenko is hit by Raphael Diaz and loses puck.
18:08 of 3rd period - Minor Penalty to Jay Bouwmeester for Hooking.
18:09 of 3rd period - Vladimir Tarasenko wins face-off versus Brayden Point in Islanders zone.
18:20 of 3rd period - Snap shot by Vladimir Tarasenko.
18:20 of 3rd period - Stopped by Cory Schneider with a rebound.
18:38 of 3rd period - Snap shot by Gabriel Landeskog.
18:38 of 3rd period - Shot Blocked by Connor Murphy.
18:40 of 3rd period - Snap shot by Nathan MacKinnon.
18:40 of 3rd period - Stopped by Jonathan Quick with a rebound.
Goals for this period are 1 for Islanders vs 1 for Kings.
Shots for this period are 9 for Islanders vs 9 for Kings.
Output by the SimonT Hockey Simulator (STHS) for Francois Prevost